 Dungeon Crawl Stone Soup version 0.29.1-2-gbd0b4ee654 (webtiles) character file.

Game seed: 1121420145230302738

1454 mopl the Poker (level 8, -4/66 HPs)
             Began as a Palentonga Berserker on Oct 25, 2022.
             Was a Priest of Trog.
             Killed by divine providence
             ... invoked by an orc priest
              (11 damage)
             ... on level 5 of the Dungeon.
             The game lasted 00:05:47 (4689 turns).

mopl the Poker (Palentonga Berserker)               Turns: 4689, Time: 00:05:47

Health: -4/66      AC: 23    Str: 23    XL:     8   Next: 47%
Magic:  8/8        EV:  8    Int:  7    God:    Trog [***...]
Gold:   243        SH:  0    Dex: 12    Spells: 7/7 levels left

rFire   . . .      SeeInvis +   a - +0 glaive (venom)
rCold   . . .      Faith    .   (shield currently unavailable)
rNeg    . . .      Spirit   .   n - +2 ring mail {rPois}
rPois   +          Reflect  .   b - +1 helmet
rElec   .          Harm     .   (no cloak)
rCorr   .          Rampage  .   k - +0 pair of gloves
Will    .....                   x - +0 barding
Stlth   +.........              (no amulet)
HPRegen 0.21/turn               (no ring)
MPRegen 0.11/turn               (no ring)

@: on berserk cooldown, slowed, curled up, very slow
A: large, rugged brown scales 3, see invisible, deformed body, roll 1, armoured
tail, reflexive curl
a: Rolling Charge, Renounce Religion, Berserk, Trog's Hand


You were on level 5 of the Dungeon.
You worshipped Trog.
Trog was most pleased with you.
You visited 1 branch of the dungeon, and saw 5 of its levels.

You collected 243 gold pieces.

Inventory:

Hand Weapons
 a - a +0 glaive of venom (weapon)
 B - a +0 spear
Missiles
 s - 3 poisoned darts
 t - a throwing net
 y - 3 boomerangs of dispersal
Armour
 b - a +1 helmet (worn)
 k - a +0 pair of gloves (worn)
 n - a +2 ring mail of poison resistance (worn)
 x - a +0 barding (worn)
Jewellery
 v - a ring of ice
Wands
 m - a wand of digging (4)
 p - a wand of flame (21)
Scrolls
 d - 3 scrolls of identify
 e - a scroll of immolation {unknown}
 f - a scroll of amnesia
 h - a scroll of butterflies {unknown}
 o - a scroll of enchant armour
 r - a scroll of teleportation
 w - a scroll of fear {unknown}
Potions
 c - 2 potions of brilliance
 g - a potion of invisibility
 i - a potion of degeneration {unknown}
 j - a potion of cancellation {unknown}
 l - a potion of berserk rage {unknown}
 q - 2 potions of lignification {unknown}
 u - a potion of ambrosia {unknown}
 z - a potion of flight {unknown}
 A - a potion of haste {unknown}


   Skills:
 + Level 5.1 Fighting
 * Level 6.0 Polearms
 + Level 2.2 Throwing
 + Level 3.8 Armour
 + Level 3.7 Dodging
 + Level 2.8 Evocations


You had 7 spell levels left.
You didn't know any spells.
Your spell library was empty.

Dungeon Overview and Level Annotations

Branches:
Dungeon (5/15)             Temple (0/1) D:4

Altars:
Okawaru

Shops:
D:5 (


Innate Abilities, Weirdness & Mutations

You are completely covered in rugged brown scales. (AC +3, +7% HP)
You have supernaturally acute eyesight. (SInv)
Armour fits poorly on your strangely shaped body.
You can roll at nearby foes to attack.
You have a long armoured tail.
You curl defensively after being hit. (AC +7*)


Message History

The orc hits you with a +0 falchion. The orc hits you but does no damage.
The orc priest calls down the wrath of Beogh upon you.
Beogh smites you!
* * * LOW HITPOINT WARNING * * *
Unknown command.
Okay, then.
You closely miss the orc. The orc hits you but does no damage. x2
Unknown command.
You barely miss the orc.
The orc is moderately wounded.
The orc closely misses you. The orc hits you but does no damage.
Unknown command.
You slash the orc!
You kill the orc!
Trog accepts your kill. The orc hits you but does no damage.
Unknown command.
You hit the orc.
The orc is poisoned.
The orc is lightly wounded.
You kill the orc!
Trog accepts your kill.
The orc priest mumbles some strange prayers to Beogh against you.
Pain shoots through your body!
* * * LOW HITPOINT WARNING * * *
Unknown command.
You closely miss the orc priest.
You tail-slap the orc priest, but do no damage.
The orc priest hits you but does no damage.
The orc priest barely misses you.
Unknown command.
You slash the orc priest!
The orc priest is poisoned.
The orc priest is heavily wounded.
The orc priest closely misses you. The orc priest barely misses you.
Unknown command.
You closely miss the orc priest.
The orc priest is heavily wounded.
The orc priest hits you but does no damage.
The orc priest mumbles some strange prayers to Beogh against you.
Beogh smites you!
You die...

.......#####.......# ##.......
####.#.##>...#####.# #>.......
...#.#....#### #.# #.#.[....
##.#.#......### ##.# #.#......
.#.#.#.####...###..# #.#......
.#.#.#..#####.....## #........
.#.#.#....######...#
###..###### ##.#.#.##..#
#.#.####...##### ...#.#.###.#
#@#.#..........# ####.#.# #.#
#o#...#........# .[...#.#
#.#####o##....>......#
######.###....................#
..............).).#.#.........#
.....###...####)#####.##.######
#........### #...# #......###
.....##### #8...8# ####.#...#
......##### #.....# ####.###.#


You could see an orc priest (very poisoned) and an orc.

Vanquished Creatures
  2 ice beasts (D:5)
  2 orc warriors (D:5)
  A black bear (D:5)
  A centaur (D:5)
  A phantom (D:5)
  2 scorpions
  3 hounds
  3 orc priests
  Natasha (thrice) (D:2)
  2 gnoll boudas (D:5)
  Jessica (D:3)
  Terence (D:2)
  4 orc wizards
  9 gnolls (D:5)
  5 adders
  A white imp (D:5)
  A worm (D:4)
  4 dart slugs
  31 orcs
  6 ball pythons
  6 bats
  8 endoplasms
  2 giant cockroaches
  4 goblins
  5 hobgoblins
  A frilled lizard (D:1)
  7 kobolds
  A rat (D:1)
117 creatures vanquished.

Vanquished Creatures (others)
  An orc wizard (D:5)
1 creature vanquished.

Grand Total: 118 creatures vanquished

Notes
Turn   | Place    | Note
-------+----------+-------------------------------------------
     0 | D:1      | mopl the Palentonga Berserker began the quest for the Orb.
     0 | D:1      | Reached XP level 1. HP: 19/19 MP: 1/1
   199 | D:1      | Reached XP level 2. HP: 22/25 MP: 2/2
   236 | D:1      | Reached skill level 3 in Polearms
   824 | D:2      | Found a faded altar of an unknown god.
   832 | D:2      | Reached XP level 3. HP: 26/31 MP: 3/3
   879 | D:2      | Noticed Terence
   884 | D:2      | Killed Terence
   885 | D:2      | Reached skill level 2 in Armour
   885 | D:2      | Reached skill level 2 in Dodging
   924 | D:2      | Noticed Natasha
   940 | D:2      | Killed Natasha
   941 | D:2      | Reached XP level 4. HP: 27/37 MP: 4/4
  1517 | D:2      | Found a faded altar of an unknown god.
  1719 | D:2      | Noticed Natasha
  1724 | D:2      | Killed Natasha
  1844 | D:2      | Noticed Natasha
  1850 | D:2      | Killed Natasha
  1851 | D:2      | Reached XP level 5. HP: 44/44 MP: 5/5
  1915 | D:3      | Reached skill level 4 in Polearms
  1942 | D:3      | Noticed Jessica
  1944 | D:3      | Found an iron altar of Okawaru.
  1952 | D:3      | Killed Jessica
  2059 | D:3      | Reached ** piety under Trog
  2720 | D:4      | Reached XP level 6. HP: 49/51 MP: 6/6
  2945 | D:4      | Reached skill level 4 in Fighting
  2945 | D:4      | Reached skill level 1 in Evocations
  3335 | D:4      | Found a staircase to the Ecumenical Temple.
  3495 | D:5      | Entered Level 5 of the Dungeon
  3509 | D:5      | Noticed an ice beast
  3519 | D:5      | Killed an ice beast
  3520 | D:5      | Reached skill level 1 in Throwing
  3520 | D:5      | Reached skill level 3 in Armour
  3520 | D:5      | Gained mutation: You curl defensively after being hit. (AC
                  | +7*) [Palentonga growth]
  3520 | D:5      | Reached XP level 7. HP: 57/57 MP: 7/7
  3526 | D:5      | Reached skill level 3 in Dodging
  3668 | D:5      | Reached skill level 5 in Polearms
  3936 | D:5      | Found a runed translucent door.
  3986 | D:5      | Reached skill level 2 in Evocations
  4037 | D:5      | Identified the +12 mace of Pyromania {protect, *Rage Will+
                  | Str+3 Stlth+}
  4099 | D:5      | Reached XP level 8. HP: 36/65 MP: 8/8
  4329 | D:5      | Reached *** piety under Trog
  4375 | D:5      | Found Uceajykue's Weapon Shoppe.
  4635 | D:5      | Reached skill level 2 in Throwing
  4673 | D:5      | Reached skill level 5 in Fighting
  4675 | D:5      | Reached skill level 6 in Polearms
  4689 | D:5      | Killed from afar by an orc priest

Illustrated notes

Levels and vault maps discovered:
D:1:      minmay_arrival_split_and_join, layout_basic
D:2:      layout_rooms, hellmonk_ecumenical_altar_zigzags, uniq_natasha,
          uniq_terence
D:3:      layout_basic, okawaru_gym_becter, serial_bayou, serial_bayou_pond_e,
          serial_bayou_ford_a, serial_bayou_pond_a, serial_bayou_lake_a,
          uniq_jessica
D:4:      layout_loops_corners, minmay_temple_entry_enclosed_plants,
          kennysheep_potato
D:5:      layout_rooms, nicolae_inconvenience_store, chequers_jeans,
          lightli_church_of_beogh

Skill      XL: |  1  2  3  4  5  6  7  8 |
---------------+-------------------------+-----
Polearms       | 3 4 5 6 |  6.0
Armour         | 2 3 |  3.8
Dodging        | 2 3 |  3.7
Fighting       | 4 5 |  5.1
Evocations     | 1 2 |  2.8
Throwing       | 1 2 |  2.2

Action                   |  1- 3 |  4- 6 |  7- 9 || total
-------------------------+-------+-------+-------++-------
Melee: Spear             |    55 |   186 |    73 ||   314
       Tailslap          |     6 |    17 |    16 ||    39
       Punch             |       |     2 |       ||     2
       Glaive            |       |       |    66 ||    66
Invok: Berserk           |     2 |     5 |     4 ||    11
 Abil: Rolling Charge    |       |     2 |     1 ||     3
  Use: Scroll            |       |       |     4 ||     4
 Stab: Sleeping          |     1 |       |       ||     1
Armor: Animal skin       |     9 |       |       ||     9
       Ring mail         |     2 |    78 |   128 ||   208
Dodge: Dodged            |    10 |    65 |    80 ||   155
